 Dungeon Crawl Stone Soup version 0.31.0-10-gcf4a605ca0 (webtiles) character file.

Game seed: 5658058744485750445

121 Gadfly the Ruffian (level 4, 0/33 HPs)
             Began as a Demonspawn Shapeshifter on Jan 26, 2024.
             Killed by divine providence
             ... invoked by an orc priest
              (14 damage)
             ... on level 3 of the Dungeon.
             The game lasted 00:03:40 (2361 turns).

Gadfly the Ruffian (Demonspawn Shapeshifter)        Turns: 2361, Time: 00:03:41

Health: 0/33       AC: 14    Str: 17    XL:     4   Next: 77%
Magic:  4/4        EV: 11    Int: 13    God:
Gold:   115        SH:  0    Dex: 15    Spells: 3/3 levels left

rFire   . .          .
                       - Unarmed
rCold   + . .        (no shield)
rNeg    . . .        j - +4 ring mail of Bitterness {rC+ Int+3 Dex+3}
rPois   .            e - +1 helmet
rElec   .            (no cloak)
rCorr   .            (no gloves)
SInv    .            h - +0 pair of boots
Will    .....        (no amulet)
Stlth   +            (no ring)
HPRegen 0.25/turn    (no ring)
MPRegen 0.09/turn

%: no passive effects
@: no status effects
A: slimy green scales 1
a: no special abilities


You were on level 3 of the Dungeon.
You visited 1 branch of the dungeon, and saw 3 of its levels.

You collected 115 gold pieces.

Inventory:

Hand Weapons
 b - a +2 short sword of draining
Missiles
 i - 2 throwing nets (quivered)
Armour
 a - a +0 animal skin
 e - a +1 helmet (worn)
 h - a +0 pair of boots (worn)
 j - the +4 ring mail of Bitterness (worn) {rC+ Int+3 Dex+3}
   (You found it on level 2 of the Dungeon)

   Int+3:     It affects your intelligence (+3).
   Dex+3:     It affects your dexterity (+3).
   rC+:       It protects you from cold.
Jewellery
 g - a ring of ice
Talismans
 c - a beast talisman
 d - a flux talisman
Potions
 f - a potion of brilliance {unknown}
 k - a potion of lignification


   Skills:
 + Level 1.9 Fighting
 * Level 2.8 Dodging
 + Level 3.1 Unarmed Combat
 * Level 2.3 Evocations
 + Level 3.0 Shapeshifting


You had 3 spell levels left.
You didn't know any spells.
Your spell library contained the following spells:

 Spells                   Type           Power      Damage    Failure   Level
 Mercury Vapours          Alch/Air       0%         N/A       65%         2
 Mephitic Cloud           Conj/Alch/Air  0%         N/A       86%         3
 Freezing Cloud           Conj/Ice/Air   0%         6-21      100%        5


Dungeon Overview and Level Annotations

Branches:
Dungeon (3/15)

Altars:


Innate Abilities, Weirdness & Mutations

You are partially covered in slimy green scales. (AC +2)


Message History

You hit the orc wizard.
The orc wizard is moderately wounded.
The orc wizard closely misses you.
You hit the orc wizard but do no damage.
The orc wizard is moderately wounded.
The orc wizard hits you with a +0 dagger.
You miss the orc wizard.
The orc wizard is moderately wounded.
The orc wizard barely misses you.
You hit the orc wizard.
The orc wizard is moderately wounded.
The orc wizard barely misses you.
You hit the orc wizard.
The orc wizard is severely wounded.
The orc wizard mumbles some strange words.
The orc wizard flickers and vanishes!
You barely miss something. Something hits you but does no damage.
You barely miss something.
You hear some strange, mumbled words.
A magic dart appears from out of thin air!
The magic dart hits you but does no damage.
You hit something but do no damage. Something hits you but does no damage.
You hit something. You closely miss something.
You hear some strange, mumbled words.
A puff of flame appears from out of thin air!
The puff of flame hits you but does no damage.
You completely miss something.
You hear some strange, mumbled words.
A puff of flame appears from out of thin air!
The puff of flame hits something.
Reactivating autopickup.
You feel a bit more experienced.
You barely miss the orc priest.
The orc priest hits you with a +0 flail.
You hit the orc priest.
The orc priest is lightly wounded.
The orc priest mumbles some strange prayers to Beogh against you.
Beogh smites you!
You die...

#.# #.#...#.# #.#
#...#...# ##.##
######.## ##...##
#.# #.....# #.#
##...## #.#
##.###########.#
#.####o............#
#...@o.#############
######.# #.# #.# #.#
#.# ... #.#


You could see an orc priest and an orc.

Vanquished Creatures
  3 gnolls (D:2)
  2 ribbon worms (D:2)
  2 orcs (D:2)
  6 endoplasms
  3 giant cockroaches
  7 goblins
  2 hobgoblins
  4 jackals (D:1)
  8 kobolds
  4 quokkas
  4 ball pythons
  6 bats
  2 frilled lizards (D:2)
  7 rats
60 creatures vanquished.

Vanquished Creatures (others)
  An orc wizard (D:3)
1 creature vanquished.

Grand Total: 61 creatures vanquished

Notes
Turn   | Place    | Note
-------+----------+-------------------------------------------
     0 | D:1      | Gadfly the Demonspawn Shapeshifter began the quest for the
                  | Orb.
     0 | D:1      | Reached XP level 1. HP: 15/15 MP: 1/1
   264 | D:1      | Gained mutation: You are partially covered in slimy green
                  | scales. (AC +2) [demonic ancestry]
   264 | D:1      | Reached XP level 2. HP: 21/21 MP: 2/2
   365 | D:1      | Reached skill level 1 in Evocations
   866 | D:2      | Reached XP level 3. HP: 26/26 MP: 3/3
  1029 | D:2      | Identified the +4 ring mail of Bitterness {rC+ Int+3 Dex+3}
  1040 | D:2      | Found a faded altar of an unknown god.
  1426 | D:2      | Reached XP level 4. HP: 15/33 MP: 4/4
  2361 | D:3      | Killed from afar by an orc priest

Illustrated notes

Levels and vault maps discovered:
D:1:      matt_arrival_diagonals, layout_basic
D:2:      layout_basic, basic_ecumenical_altar, chequers_serial_rivers_micro_d,
          nrook_uturn, minmay_divided_ellipse
D:3:      layout_loops_corners, cheibrodos_sewer_entry_bend

Skill      XL: |  1  2  3  4 |
---------------+-------------+-----
Dodging        | 2 |  2.8
Evocations     | 1 2 |  2.3
Unarmed Combat | 3 |  3.1
Shapeshifting  | 3 |  3.0
Fighting       | |  1.9

Action                     |  1- 3 |  4- 6 || total
---------------------------+-------+-------++-------
  Melee: Unarmed           |   158 |    81 ||   239
         Punch             |     3 |     2 ||     5
Ability: Begin Untransform |     2 |     1 ||     3
    Use: Scroll            |     3 |     1 ||     4
   Stab: Sleeping          |       |     1 ||     1
 Armour: Animal skin       |    90 |    23 ||   113
         Ring mail         |       |    31 ||    31
  Dodge: Dodged            |    86 |    42 ||   128
   Form: Beast             |     2 |       ||     2
